[Event "Friday 06 April Rapid Engine Tour 12+1 Rounds 9 Starts 1600ST"]
[Site "Infinity Chess"]
[Date "2018.4.6"]
[Round "9"]
[White "CoffeeOne"]
[Black "Macho"]
[Result "1/2-1/2"]
[ECO "C50"]
[WhiteElo "2462"]
[BlackElo "2427"]
[WhiteEngine "stockfish_9"]
[BlackEngine "asmFishW_2018-04-01_popcnt_CTG"]
[EventType "Swiss"]
[WhiteTeam ""]
[BlackTeam ""]
[PlyCount "181"]
[TimeControl "720+1"]

1. e4 e5 2. Nf3 Nc6 3. Bc4 Bc5 4. O-O Nf6 5. d3 d6 6. c3 a5 7. Nbd2 O-O 
8. Re1 Ba7 9. Nf1 Be6 10. Bb5 Ne7 11. d4 exd4 12. Nxd4 Ng6 13. Ba4 h6 
14. Nxe6 fxe6 15. Be3 Nh7 16. Bxa7 Rxa7 17. Ne3 Qg5 18. Bb3 Nf4 19. Kh1 a4 
20. Bc2 Nxg2 21. Nxg2 Rxf2 22. Rg1 Nf6 23. Qd3 Qe5 24. Rac1 Ng4 25. Qg3 Qxg3 
26. hxg3 Rd2 27. Rge1 Nf2+ 28. Kg1 Nh3+ 29. Kh2 Nf2 30. Kg1 Nh3+ 31. Kh2 Nf2 
32. g4 Nxg4+ 33. Kg3 Ne5 34. Nf4 Kf7 35. Red1 Rxd1 36. Rxd1 Ra5 37. Nd3 Nd7 
38. Rf1+ Ke7 39. Bd1 Rg5+ 40. Kf2 Nf6 41. Re1 Ng4+ 42. Ke2 Nf6 43. Kf3 b5 
44. e5 dxe5 45. Nxe5 Rf5+ 46. Kg2 Kd6 47. Nf3 c6 48. a3 Rf4 49. Re2 h5 
50. Rd2+ Nd5 51. Kh3 e5 52. Ng5 Ke7 53. Bf3 g6 54. Bh1 Rg4 55. Ne4 Ke6 
56. Bf3 Rf4 57. Kg2 Ne3+ 58. Kf2 Nd5 59. Rd1 Kf5 60. Re1 h4 61. Kg2 g5 
62. Nc5 Rc4 63. Ne4 Nf4+ 64. Kf1 Nd3 65. Re3 Nc5 66. Nxc5 Rxc5 67. Re4 Rd5 
68. Rb4 Rd2 69. Ke1 Rh2 70. Bxc6 h3 71. Rxb5 g4 72. Rb8 e4 73. Bd7+ Kf4 
74. Rf8+ Kg3 75. Rg8 Rxb2 76. Rxg4+ Kf3 77. Rh4 h2 78. Bxa4 Rb1+ 79. Bd1+ Kg2 
80. Ke2 h1=Q 81. Rxh1 Kxh1 82. c4 e3 83. a4 Ra1 84. a5 Rb1 85. c5 Rb2+ 
86. Ke1 Kg2 87. a6 Ra2 88. c6 Rxa6 89. c7 Rc6 90. Ke2 Rxc7 91. Kxe3 1/2-1/2

[Event "Friday 06 April Rapid Engine Tour 12+1 Rounds 9 Starts 1600ST"]
[Site "Infinity Chess"]
[Date "2018.4.6"]
[Round "9"]
[White "Nigi"]
[Black "angriff"]
[Result "1/2-1/2"]
[ECO "D30"]
[WhiteElo "2386"]
[BlackElo "2336"]
[WhiteEngine "stockfish_18022813_x64_bmi2"]
[BlackEngine "DracoREX 3.07 64BIT POPCNT_CTG"]
[EventType "Swiss"]
[WhiteTeam ""]
[BlackTeam ""]
[PlyCount "115"]
[TimeControl "720+1"]

1. d4 d5 2. c4 e6 3. Nf3 Nf6 4. Nc3 c6 5. Bg5 dxc4 6. e4 b5 7. e5 h6 8. Bh4 g5 
9. Nxg5 hxg5 10. Bxg5 Nbd7 11. exf6 Bb7 12. g3 Qb6 13. Bg2 O-O-O 14. O-O c5 
15. d5 b4 16. Na4 Qa6 17. a3 Bxd5 18. Bxd5 Ne5 19. Qe2 Rxd5 20. axb4 cxb4 
21. Nc3 Qd6 22. Nxd5 Qxd5 23. f3 Bc5+ 24. Be3 Nd3 25. Bxc5 Qxc5+ 26. Kg2 Rd8 
27. Qe4 Rd5 28. Qh7 Qc7 29. Rad1 a5 30. h4 Kb7 31. Qg8 Ka6 32. Qa8+ Kb6 
33. Qe8 b3 34. Qe7 Rd7 35. Qf8 Rd8 36. Qe7 Rd7 37. Qf8 Rd8 38. Qe7 Qxe7 
39. fxe7 Re8 40. Rxd3 cxd3 41. Kf2 Rxe7 42. Ke3 Rc7 43. Kxd3 Rc2 44. h5 Rh2 
45. Kc4 Rxh5 46. Kxb3 Rh3 47. g4 Kb5 48. Kc3 f6 49. Rf2 a4 50. Kd4 Rh1 
51. Re2 Rh3 52. f4 Rf3 53. Rxe6 Rxf4+ 54. Ke3 Rxg4 55. Rxf6 Rg5 56. Rf4 Rg3+ 
57. Kd2 Rg2+ 58. Kc1 1/2-1/2

[Event "Friday 06 April Rapid Engine Tour 12+1 Rounds 9 Starts 1600ST"]
[Site "Infinity Chess"]
[Date "2018.4.6"]
[Round "9"]
[White "KhalidOmar"]
[Black "Vimtiroba"]
[Result "1-0"]
[ECO "C53"]
[WhiteElo "2413"]
[BlackElo "2384"]
[WhiteEngine "Eman 1.70-beta17 64-bit BMI2"]
[BlackEngine "SF9 ''M28''_CTG"]
[EventType "Swiss"]
[WhiteTeam ""]
[BlackTeam ""]
[PlyCount "270"]
[TimeControl "720+1"]

1. e4 e5 2. Nf3 Nc6 3. Bc4 Bc5 4. c3 Nf6 5. d3 a5 6. Bb3 d6 7. O-O O-O 8. Re1 h6 
9. h3 Bd7 10. d4 Ba7 11. Be3 Re8 12. Nbd2 exd4 13. Nxd4 Ne5 14. Bc2 b5 
15. f4 Ng6 16. Qf3 c5 17. Nf5 Bc6 18. c4 Ne7 19. Nxe7+ Qxe7 20. Bf2 bxc4 
21. Bh4 Qe6 22. Rad1 Bb8 23. f5 Qe7 24. Nxc4 Bc7 25. b3 a4 26. bxa4 Bxa4 
27. Bxa4 Rxa4 28. Qb3 Rea8 29. a3 R8a7 30. Qd3 R7a6 31. Re3 Ra8 32. Qb3 Kh7 
33. Qc2 R8a7 34. Ree1 Kg8 35. Rc1 Ra8 36. Qd3 Rd8 37. Qc3 Rda8 38. Qd3 Qd8 
39. Rcd1 Qe7 40. Re3 Kh7 41. Rc1 Qd8 42. Rf3 Qe7 43. Re3 Qd8 44. g3 Kg8 
45. Kg2 R8a6 46. Rd1 Qe7 47. Bxf6 Qxf6 48. Qd5 Ra8 49. h4 Qe7 50. Rb1 Qf6 
51. Reb3 R8a7 52. Kh2 Kh7 53. R1b2 Kg8 54. Kg1 Kh7 55. Kh2 Qe7 56. Kg2 Kg8 
57. Rb7 Qf6 58. R7b3 Kh7 59. Rc2 Qe7 60. Rd2 Qf6 61. Re3 R7a6 62. Rd1 Ra7 
63. Kh3 R7a6 64. Kg2 Ra7 65. Red3 Qe7 66. Rb1 Kh8 67. Rdb3 Qf6 68. Kh3 Kg8 
69. Rd3 Qe7 70. Rdb3 Kh7 71. Rg1 Qf6 72. Rc1 R7a6 73. Kg2 Ra7 74. Rd1 Qe7 
75. Kf3 Kh8 76. Kg2 Qe8 77. Kh2 Kg8 78. Rd2 Qf8 79. Kg2 Qa8 80. Rc2 Qe8 
81. Re3 Qe7 82. Re1 Ra8 83. Rb1 R8a7 84. Rb3 Qf6 85. Rf2 Kh7 86. Rff3 Kg8 
87. Rb1 Qe7 88. Rfb3 Qf6 89. R1b2 Qe7 90. Kh3 Kh7 91. Rd2 Kg8 92. Rd1 Qe8 
93. Rg1 Qa8 94. Rc1 Kf8 95. Re3 R7a6 96. Kg2 Qc6 97. Re2 Ke8 98. h5 Bd8 
99. Qd3 Kf8 100. Rb2 Qa8 101. Qd5 Qxd5 102. exd5 Ra8 103. Rcc2 Bf6 104. Rb6 Be7 
105. Rb3 Re8 106. Nb6 Ra7 107. Rb1 Bf6 108. Nc4 Be5 109. Rb6 Ra4 110. Rc6 Kg8 
111. Kf2 f6 112. Kg2 Rd8 113. Rb6 Rf8 114. Kf3 Rd8 115. Ke4 Bxg3 116. Kd3 Be5 
117. Rg2 Ra7 118. Rg1 Rf8 119. Rgb1 Ra4 120. R1b5 Rf7 121. Rc6 Ra8 122. Rb1 Rff8 
123. Rb7 Rf7 124. Rxf7 Kxf7 125. Kc2 Bf4 126. Rb6 Re8 127. a4 Re1 128. a5 Rc1+ 
129. Kb3 Be5 130. Na3 Bd4 131. Rxd6 Ke7 132. Rc6 Kd8 133. a6 Ra1 134. Nc4 Rc1 
135. Nb6 c4+ 1-0

[Event "Friday 06 April Rapid Engine Tour 12+1 Rounds 9 Starts 1600ST"]
[Site "Infinity Chess"]
[Date "2018.4.6"]
[Round "9"]
[White "localhero"]
[Black "IronMan"]
[Result "1/2-1/2"]
[ECO "C55"]
[WhiteElo "2401"]
[BlackElo "2464"]
[WhiteEngine "asmFishW_2017-10-04_popcnt"]
[BlackEngine "Eman 1.70-beta15 64-bit BMI2"]
[EventType "Swiss"]
[WhiteTeam ""]
[BlackTeam ""]
[PlyCount "91"]
[TimeControl "720+1"]

1. e4 e5 2. Nf3 Nc6 3. Bc4 Nf6 4. d3 Bc5 5. c3 d6 6. O-O a5 7. Bg5 h6 8. Bh4 O-O 
9. a4 Be6 10. Nbd2 Qe7 11. Re1 g5 12. Bg3 Ba7 13. Rc1 Ne8 14. Bxe6 fxe6 
15. Nc4 Qg7 16. Rc2 h5 17. h4 gxh4 18. Bxh4 Nf6 19. Ng5 Rae8 20. Kh1 Kh8 
21. f3 Nh7 22. Nxh7 Qxh7 23. g3 Rf7 24. Rh2 Ref8 25. Bg5 Rxf3 26. Bf4 Rf2 
27. Rxh5 Rf7 28. d4 exf4 29. Kg1 fxg3 30. Rxh7+ Rxh7 31. Qg4 Nxd4 32. cxd4 Bxd4 
33. Ne3 Rxb2 34. Qxe6 Rhh2 35. Qc8+ Kh7 36. Qxc7+ Kh8 37. Qxa5 Rhg2+ 
38. Kh1 Rh2+ 39. Kg1 Bxe3+ 40. Rxe3 Rbg2+ 41. Kf1 Rf2+ 42. Kg1 Rfg2+ 
43. Kf1 Rf2+ 44. Kg1 Rhg2+ 45. Kh1 Rh2+ 46. Kg1 1/2-1/2

[Event "Friday 06 April Rapid Engine Tour 12+1 Rounds 9 Starts 1600ST"]
[Site "Infinity Chess"]
[Date "2018.4.6"]
[Round "9"]
[White "RonWeasley"]
[Black "hafaba"]
[Result "1/2-1/2"]
[ECO "E32"]
[WhiteElo "2475"]
[BlackElo "2467"]
[WhiteEngine "BrainFish 010418 WM_CTG"]
[BlackEngine "Eman 1.70-beta15 64-bit POPCNT_CTG"]
[EventType "Swiss"]
[WhiteTeam ""]
[BlackTeam ""]
[PlyCount "115"]
[TimeControl "720+1"]

1. d4 Nf6 2. c4 e6 3. Nc3 Bb4 4. Qc2 O-O 5. e4 d5 6. e5 Ne4 7. Bd3 c5 
8. Nf3 cxd4 9. Nxd4 Nd7 10. Bf4 Qh4 11. g3 Qh5 12. O-O g5 13. cxd5 Bxc3 
14. bxc3 exd5 15. Bxe4 dxe4 16. e6 gxf4 17. exd7 Bxd7 18. Qxe4 fxg3 19. fxg3 Bh3 
20. Rf3 Rfe8 21. Qxb7 Rab8 22. Qc6 Qg5 23. Rf2 Rbc8 24. Qf3 Re7 25. Nc6 Rec7 
26. Re1 Bg4 27. Qf4 Qxf4 28. Rxf4 Be6 29. Nd4 Bxa2 30. Ra1 Bc4 31. Nf5 Be6 
32. Nd4 Bd7 33. Nf5 Bxf5 34. Rxf5 Rxc3 35. Rxa7 Rc1+ 36. Kf2 R1c2+ 37. Kg1 Rc1+ 
38. Kg2 R8c2+ 39. Kh3 Rh1 40. Raxf7 Rhxh2+ 41. Kg4 Rc4+ 42. Kg5 h6+ 43. Kf6 Rc6+ 
44. Ke5 Rd2 45. Ke4 Rd8 46. Kf3 Rd3+ 47. Ke2 Rxg3 48. Kf2 Rcc3 49. Kf1 Rg4 
50. Rf3 Rc1+ 51. Ke2 Rg2+ 52. Ke3 Rc8 53. R3f6 h5 54. Ra7 h4 55. Rh6 h3 
56. Rah7 h2 57. Rxh2 Rxh2 58. Rxh2 1/2-1/2

[Event "Friday 06 April Rapid Engine Tour 12+1 Rounds 9 Starts 1600ST"]
[Site "Infinity Chess"]
[Date "2018.4.6"]
[Round "9"]
[White "CrapCleaner"]
[Black "Eman"]
[Result "1/2-1/2"]
[ECO "C55"]
[WhiteElo "2455"]
[BlackElo "2484"]
[WhiteEngine "Raubfisch ME262_GTZ17_CTG"]
[BlackEngine "Eman 1.70-beta17 64-bit POPCNT"]
[EventType "Swiss"]
[WhiteTeam ""]
[BlackTeam ""]
[PlyCount "124"]
[TimeControl "720+1"]

1. e4 e5 2. Nf3 Nc6 3. Bc4 Nf6 4. d3 Bc5 5. c3 d6 6. O-O a5 7. Bg5 h6 8. Bh4 O-O 
9. a4 g5 10. Bg3 Ba7 11. Nbd2 Kg7 12. Nb3 Ne7 13. Re1 Nh5 14. d4 Nxg3 
15. hxg3 Ng6 16. Nfd2 f5 17. exf5 Bxf5 18. Nf1 c6 19. Ne3 Bd7 20. Be2 exd4 
21. cxd4 Qf6 22. Rf1 Ne7 23. Qd3 Bb6 24. Rae1 Nd5 25. Nc4 g4 26. Nxb6 Nxb6 
27. f3 Nxa4 28. fxg4 Qg5 29. Nd2 Nxb2 30. Qc2 Qe3+ 31. Kh2 Rxf1 32. Nxf1 Qxd4 
33. Nd2 b5 34. Bxb5 Re8 35. Nb3 Qb4 36. Qxb2+ Kg8 37. Rd1 Qxb5 38. Qc2 Qe5 
39. Nc5 dxc5 40. Rxd7 Qe4 41. Qxc5 Qxg4 42. Rd4 Qe6 43. Qxa5 Rf8 44. Qb4 Rf5 
45. Rd8+ Kh7 46. g4 Rg5 47. g3 Rxg4 48. Qb1+ Rg6 49. Qd3 c5 50. Kg2 c4 
51. Rd7+ Kh8 52. Qd4+ Qf6 53. Qxc4 Rg7 54. Rxg7 Qxg7 55. g4 Qb2+ 56. Kf1 Qa1+ 
57. Ke2 Qe5+ 58. Kd1 Kg7 59. Kc2 Qd6 60. Qc8 Qg6+ 61. Kc1 Qd3 62. Qb7+ Kf6 
1/2-1/2

[Event "Friday 06 April Rapid Engine Tour 12+1 Rounds 9 Starts 1600ST"]
[Site "Infinity Chess"]
[Date "2018.4.6"]
[Round "9"]
[White "MCDermont"]
[Black "Thinker"]
[Result "1/2-1/2"]
[ECO "D30"]
[WhiteElo "2493"]
[BlackElo "2448"]
[WhiteEngine "BrainFish 010418 WM_CTG"]
[BlackEngine "BrainFish_180404_x64_modern_CTG"]
[EventType "Swiss"]
[WhiteTeam ""]
[BlackTeam ""]
[PlyCount "85"]
[TimeControl "720+1"]

1. d4 d5 2. c4 e6 3. Nf3 Nf6 4. Nc3 Be7 5. Bf4 O-O 6. e3 Nbd7 7. c5 c6 8. Bd3 b6 
9. b4 a5 10. a3 Nh5 11. Be5 f6 12. Bg3 axb4 13. axb4 Rxa1 14. Qxa1 e5 
15. Qa7 bxc5 16. bxc5 Re8 17. Qa4 Qc7 18. O-O Kh8 19. Nd2 Nxg3 20. hxg3 Bb7 
21. Ra1 e4 22. Be2 Ra8 23. Qd1 Rxa1 24. Qxa1 g6 25. g4 Nb8 26. Qa7 Bd8 
27. Ncxe4 dxe4 28. Nxe4 Ba6 29. Qxc7 Bxc7 30. Bxa6 Nxa6 31. Nxf6 Kg7 32. Ne4 h5 
33. gxh5 gxh5 34. f3 h4 35. Kf2 Nb4 36. f4 Nc2 37. Ke2 Ba5 38. f5 Ne1 
39. Kf2 Nc2 40. Ke2 Ne1 41. Kf2 Nc2 42. Kf3 Ne1+ 43. Kf2 1/2-1/2

[Event "Friday 06 April Rapid Engine Tour 12+1 Rounds 9 Starts 1600ST"]
[Site "Infinity Chess"]
[Date "2018.4.6"]
[Round "9"]
[White "MarioDeMonti"]
[Black "Prometheus"]
[Result "1-0"]
[ECO "E32"]
[WhiteElo "2488"]
[BlackElo "2461"]
[WhiteEngine "stockfish_x64_bmi2_2018_02_18_CTG"]
[BlackEngine "Eman 1.70-beta15 64-bit BMI2"]
[EventType "Swiss"]
[WhiteTeam ""]
[BlackTeam ""]
[PlyCount "135"]
[TimeControl "720+1"]

1. d4 Nf6 2. c4 e6 3. Nc3 Bb4 4. Qc2 O-O 5. e4 d5 6. e5 Ne4 7. Bd3 c5 
8. Nf3 cxd4 9. Nxd4 Nd7 10. Bf4 Qh4 11. g3 Qh3 12. O-O-O Nxc3 13. bxc3 Ba3+ 
14. Kb1 Nb6 15. Bf1 Qh5 16. Be2 Qg6 17. Bd3 Qh5 18. g4 Qh4 19. Nf3 Qh3 
20. Ng5 Qxg4 21. Be3 Be7 22. Rhg1 Qh5 23. Nxh7 Bd7 24. Nf6+ Bxf6 25. exf6 g6 
26. Bxg6 fxg6 27. Rxg6+ Kf7 28. Rg7+ Ke8 29. Rdg1 Ba4 30. Qb2 Rf7 31. Bxb6 Rxg7 
32. Rxg7 axb6 33. Rg8+ Kf7 34. Rxa8 Bd7 35. Qd2 Bc6 36. Kb2 d4 37. Qxd4 Qe2+ 
38. Kb3 Qe4 39. Qd2 Qg6 40. Kb2 Qxf6 41. Qd6 Kg7 42. Qg3+ Kf7 43. Qc7+ Kg6 
44. Rg8+ Kh6 45. Qg3 Bf3 46. Re8 Bh5 47. Qe3+ Kh7 48. Rxe6 Qf5 49. Rxb6 Bg6 
50. Rxb7+ Kg8 51. Rb8+ Kh7 52. Qe7+ Bf7 53. Rb7 Qxf2+ 54. Kb3 Kg8 55. a4 Kg7 
56. Qxf7+ Qxf7 57. Rxf7+ Kxf7 58. a5 Ke8 59. a6 Kd7 60. a7 Ke6 61. c5 Kd5 
62. a8=Q+ Ke6 63. c6 Kd6 64. Qe8 Kc5 65. c7 Kb6 66. c8=Q Ka5 67. Qe5+ Kb6 
68. Qec5# 1-0

[Event "Friday 06 April Rapid Engine Tour 12+1 Rounds 9 Starts 1600ST"]
[Site "Infinity Chess"]
[Date "2018.4.6"]
[Round "9"]
[White "Murx"]
[Black "MGR"]
[Result "1/2-1/2"]
[ECO "E10"]
[WhiteElo "2516"]
[BlackElo "2475"]
[WhiteEngine "asmFishW_2018-04-01_bmi2"]
[BlackEngine "CF 180327 64 POP N"]
[EventType "Swiss"]
[WhiteTeam ""]
[BlackTeam ""]
[PlyCount "159"]
[TimeControl "720+1"]

1. d4 Nf6 2. c4 e6 3. Nf3 d5 4. g3 Bb4+ 5. Bd2 Be7 6. Bg2 Nbd7 7. O-O O-O 
8. Qc2 c6 9. Rc1 a5 10. Bf4 Nh5 11. Be3 Nhf6 12. Bf4 Nh5 13. Be3 Nhf6 14. a3 h6 
15. Bf4 g5 16. Bd2 Ne4 17. Be1 f5 18. Nc3 Bf6 19. e3 Nb6 20. cxd5 exd5 
21. Ne5 Be6 22. f3 Nd6 23. f4 Ne4 24. Qe2 Qc7 25. Nd1 a4 26. Nf2 g4 27. Rcb1 h5 
28. b3 Rfc8 29. Nfd3 axb3 30. Rxb3 Nc4 31. a4 b5 32. a5 Ra7 33. Rbb1 Nxa5 
34. Bxa5 Rxa5 35. Qe1 Rca8 36. Rc1 Rxa1 37. Rxa1 Rxa1 38. Qxa1 Bg7 39. Qa8+ Qc8 
40. Qxc8+ Bxc8 41. Nxc6 Bb7 42. Nd8 Ba8 43. Ne6 Bf8 44. Nxf8 Kxf8 45. Kf1 Ke7 
46. Ke2 Nd6 47. Nb4 Ke6 48. Na6 Kd7 49. Kd3 Nc4 50. Nb4 Kd6 51. Nc2 Bc6 
52. Nb4 Bb7 53. Nc2 Nb6 54. Bf1 Bc6 55. Nb4 Nc4 56. Bg2 Nb6 57. Kd2 Be8 
58. Kd3 Bc6 59. h3 Nc4 60. hxg4 hxg4 61. Bf1 Nb2+ 62. Kc3 Nd1+ 63. Kd2 Nb2 
64. Ke2 Bb7 65. Bg2 Nc4 66. Kf2 Nd2 67. Ke2 Ne4 68. Bxe4 dxe4 69. Kd2 Kc7 
70. Kc3 Kb6 71. Nc2 Ka5 72. Nb4 Kb6 73. Kc2 Kc7 74. Kd2 Kb6 75. Kc2 Ba8 
76. Kd2 Kc7 77. Na6+ Kb6 78. Nb4 Ka7 79. Nc2 Kb6 80. Nb4 1/2-1/2

[Event "Friday 06 April Rapid Engine Tour 12+1 Rounds 9 Starts 1600ST"]
[Site "Infinity Chess"]
[Date "2018.4.6"]
[Round "9"]
[White "Marsell"]
[Black "Brtroy"]
[Result "1/2-1/2"]
[ECO "C53"]
[WhiteElo "2465"]
[BlackElo "2517"]
[WhiteEngine "asmFishW_2018-04-02_bmi2"]
[BlackEngine "Stockfish_18040400_x64_bmi2_CTG"]
[EventType "Swiss"]
[WhiteTeam ""]
[BlackTeam ""]
[PlyCount "75"]
[TimeControl "720+1"]

1. e4 e5 2. Nf3 Nc6 3. Bc4 Bc5 4. c3 Nf6 5. d3 a5 6. O-O d6 7. Bg5 Ba7 
8. Nbd2 h6 9. Bh4 g5 10. Bg3 O-O 11. a3 Kg7 12. Re1 Nh7 13. h3 h5 14. d4 g4 
15. Nh4 exd4 16. Nf5+ Bxf5 17. exf5 dxc3 18. Ne4 cxb2 19. Rb1 d5 20. Bxd5 Bd4 
21. Qb3 Qd7 22. Rxb2 Nf6 23. Nxf6 Bxf6 24. hxg4 Rae8 25. Be4 Bxb2 26. Qxb2+ Qd4 
27. Qc1 Rxe4 28. Qg5+ Kh8 29. Qxh5+ Kg7 30. Qg5+ Kh8 31. Rxe4 Qxe4 32. Qf6+ Kh7 
33. Qh4+ Kg8 34. Qg5+ Kh7 35. Qh5+ Kg8 36. Qg5+ Kh7 37. Qh5+ Kg8 38. Qg5+ 
1/2-1/2

[Event "Friday 06 April Rapid Engine Tour 12+1 Rounds 9 Starts 1600ST"]
[Site "Infinity Chess"]
[Date "2018.4.6"]
[Round "9"]
[White "star99"]
[Black "SkyPilot"]
[Result "1/2-1/2"]
[ECO "A46"]
[WhiteElo "2434"]
[BlackElo "2482"]
[WhiteEngine "Cryptic Heroes 9.3B"]
[BlackEngine "stockfish_x64_bmi2_2018_03_30_CTG"]
[EventType "Swiss"]
[WhiteTeam ""]
[BlackTeam ""]
[PlyCount "63"]
[TimeControl "720+1"]

1. d4 Nf6 2. Nf3 d5 3. e3 c5 4. c4 e6 5. a3 dxc4 6. Bxc4 a6 7. O-O b5 
8. Be2 Nbd7 9. b3 Bb7 10. Bb2 Be7 11. Nbd2 O-O 12. a4 b4 13. Rc1 Rc8 
14. Nc4 cxd4 15. Bxd4 a5 16. h3 Nd5 17. Qd2 Nc5 18. Qc2 Bf6 19. Nfe5 Bxe5 
20. Bxe5 Nd7 21. Bb2 Qg5 22. Bd3 f5 23. f4 Qg3 24. Rf3 Qh4 25. Qd2 Nc5 
26. Nxa5 Ba8 27. Rff1 Qg3 28. Rf3 Qg6 29. Rf2 Qg3 30. Rf3 Qh4 31. Rff1 Qg3 
32. Rf3 1/2-1/2

[Event "Friday 06 April Rapid Engine Tour 12+1 Rounds 9 Starts 1600ST"]
[Site "Infinity Chess"]
[Date "2018.4.6"]
[Round "9"]
[White "THE_MACHINE"]
[Black "xeonrocks"]
[Result "1/2-1/2"]
[ECO "C50"]
[WhiteElo "2508"]
[BlackElo "2569"]
[WhiteEngine "BrainFish_180404_x64_bmi2"]
[BlackEngine "Stockfish_x64_bmi2_CTG"]
[EventType "Swiss"]
[WhiteTeam ""]
[BlackTeam ""]
[PlyCount "86"]
[TimeControl "720+1"]

1. e4 e5 2. Nf3 Nc6 3. Bc4 Bc5 4. O-O Nf6 5. d3 d6 6. c3 a5 7. Nbd2 Ba7 
8. Re1 O-O 9. Nf1 Be6 10. Bb5 Ne7 11. d4 exd4 12. Nxd4 Ng6 13. Ba4 h6 
14. Nxe6 fxe6 15. Be3 Nd7 16. Bxa7 Rxa7 17. g3 Nde5 18. f4 Nxf4 19. gxf4 Rxf4 
20. Re3 Qf6 21. Qe2 b5 22. Bc2 c5 23. Nd2 Rf7 24. Rf1 Rxf1+ 25. Nxf1 h5 
26. Nd2 h4 27. Qe1 Qg5+ 28. Kh1 Rf6 29. h3 a4 30. Bd1 Rg6 31. Qf2 Qh6 32. a3 Rg3 
33. Nf1 Rg6 34. Nh2 Rg3 35. Rxg3 hxg3 36. Qxg3 Qc1 37. Qg1 Qxb2 38. Qg5 Qxc3 
39. Qd8+ Kf7 40. Qc7+ Kf6 41. Qd8+ Kf7 42. Qc7+ Kf6 43. Qd8+ Kf7 1/2-1/2

[Event "Friday 06 April Rapid Engine Tour 12+1 Rounds 9 Starts 1600ST"]
[Site "Infinity Chess"]
[Date "2018.4.6"]
[Round "8"]
[White "angriff"]
[Black "CoffeeOne"]
[Result "1/2-1/2"]
[ECO "C55"]
[WhiteElo "2331"]
[BlackElo "2467"]
[WhiteEngine "DracoREX 3.07 64BIT POPCNT_CTG"]
[BlackEngine "stockfish_9"]
[EventType "Swiss"]
[WhiteTeam ""]
[BlackTeam ""]
[PlyCount "107"]
[TimeControl "720+1"]

1. e4 e5 2. Nf3 Nc6 3. Bc4 Nf6 4. d3 Bc5 5. c3 d6 6. O-O O-O 7. Re1 a5 
8. Nbd2 Be6 9. Bb5 Ne7 10. d4 Ba7 11. h3 Ng6 12. Ba4 Nh5 13. Nf1 Nhf4 
14. Ng3 exd4 15. Nxd4 Bxd4 16. cxd4 d5 17. Bc2 dxe4 18. Rxe4 Nd5 19. Re1 c6 
20. Ne4 Bf5 21. Bg5 Qb6 22. Qf3 Bxe4 23. Qxe4 a4 24. h4 h6 25. Bxh6 Nf6 
26. Qf3 Qxd4 27. Bg5 Nxh4 28. Qg3 Ng6 29. b3 Qb2 30. Rac1 axb3 31. Bxb3 Rae8 
32. Rxe8 Rxe8 33. Qc7 Ne5 34. Qxb7 Qd4 35. Rd1 Qe4 36. a4 Nfd7 37. Rxd7 Qe1+ 
38. Kh2 Ng4+ 39. Kg3 Qxf2+ 40. Kh3 Ne3 41. Rd2 Qf5+ 42. Kh2 Nf1+ 43. Kg1 Nxd2 
44. Bxd2 Qb1+ 45. Kh2 Qh7+ 46. Kg1 Qf5 47. Qxc6 Re2 48. Bc3 Qb1+ 49. Kh2 Qxb3 
50. Qc8+ Kh7 51. Qf5+ Kg8 52. Qc8+ Kh7 53. Qf5+ Kg8 54. Qc8+ 1/2-1/2

[Event "Friday 06 April Rapid Engine Tour 12+1 Rounds 9 Starts 1600ST"]
[Site "Infinity Chess"]
[Date "2018.4.6"]
[Round "8"]
[White "Vimtiroba"]
[Black "Dovahkiin"]
[Result "1/2-1/2"]
[ECO "C44"]
[WhiteElo "2386"]
[BlackElo "2346"]
[WhiteEngine "SF9 ''M28''_CTG"]
[BlackEngine "corchess_x64_modern_CTG"]
[EventType "Swiss"]
[WhiteTeam ""]
[BlackTeam ""]
[PlyCount "145"]
[TimeControl "720+1"]

1. e4 e5 2. Nf3 Nc6 3. h3 Nf6 4. Nc3 Bb4 5. Bb5 O-O 6. O-O d6 7. Re1 Ne7 
8. a3 Bxc3 9. bxc3 a6 10. Bf1 Ng6 11. d4 b6 12. Bd3 Re8 13. d5 h6 14. Be3 Nh5 
15. Nd2 Nhf4 16. Bf1 Bd7 17. Kh2 Ne7 18. g3 Nfg6 19. f3 f5 20. exf5 Bxf5 
21. Ne4 Nf8 22. a4 a5 23. Bb5 Nd7 24. Rf1 Rf8 25. Qe2 Nxd5 26. Bc4 c6 
27. Nxd6 Bg6 28. Ne4 Kh8 29. Bd2 N5f6 30. Nxf6 Nxf6 31. Bb3 Ra7 32. Rae1 Re7 
33. Bc1 Rfe8 34. Qc4 e4 35. Qxc6 Bf5 36. Bxh6 e3 37. Re2 Rc7 38. Qxb6 gxh6 
39. Rfe1 Rxc3 40. Qxd8 Rxd8 41. g4 Bg6 42. Rxe3 Rcc8 43. Kg3 Bxc2 44. Bxc2 Rxc2 
45. Re5 Rd5 46. Re7 Rc6 47. Ra7 Kg8 48. Ree7 Kf8 49. Rf7+ Kg8 50. Rfb7 Re6 
51. h4 Ne8 52. Rb5 Rxb5 53. axb5 Rb6 54. Rxa5 Nc7 55. f4 Nxb5 56. h5 Nc7 
57. Ra7 Ne6 58. Ra8+ Kg7 59. g5 hxg5 60. fxg5 Nxg5 61. Kf4 Kh6 62. Rh8+ Nh7 
63. Rg8 Rb4+ 64. Ke5 Kxh5 65. Kf5 Rb5+ 66. Kf4 Ng5 67. Rh8+ Kg6 68. Rg8+ Kf6 
69. Ra8 Rb4+ 70. Kg3 Nf7 71. Ra1 Ne5 72. Ra6+ Kf5 73. Kf2 1/2-1/2

[Event "Friday 06 April Rapid Engine Tour 12+1 Rounds 9 Starts 1600ST"]
[Site "Infinity Chess"]
[Date "2018.4.6"]
[Round "8"]
[White "KhalidOmar"]
[Black "Nigi"]
[Result "1-0"]
[ECO "C55"]
[WhiteElo "2397"]
[BlackElo "2402"]
[WhiteEngine "Eman 1.70-beta17 64-bit BMI2"]
[BlackEngine "stockfish_18022813_x64_bmi2"]
[EventType "Swiss"]
[WhiteTeam ""]
[BlackTeam ""]
[PlyCount "211"]
[TimeControl "720+1"]

1. e4 e5 2. Nf3 Nc6 3. Bc4 Nf6 4. d3 Bc5 5. O-O O-O 6. c3 d6 7. Re1 a6 8. a4 Ne7 
9. d4 Ba7 10. h3 Ng6 11. Nbd2 h6 12. Bb3 Re8 13. Bc2 Bd7 14. Nf1 c5 15. d5 c4 
16. a5 Qc8 17. N3h2 b5 18. axb6 Bxb6 19. Be3 Rb8 20. Ra2 Re7 21. Qf3 Nh4 
22. Qg3 Ng6 23. Bxb6 Rxb6 24. Ne3 Bb5 25. Nhf1 Rc7 26. Nd2 Kh7 27. Rea1 Rb8 
28. Nf5 Ne8 29. Qf3 Qd8 30. g3 Nf8 31. Bd1 Nd7 32. Be2 Nb6 33. h4 Nf6 
34. Ra3 Rcc8 35. Rf1 Rc7 36. Raa1 Kg8 37. Qg2 Na4 38. Rfb1 Kh7 39. Ne3 Rcb7 
40. Ra2 Nb6 41. Raa1 Kg8 42. Ra2 Kh7 43. Ra3 Rc8 44. Qf3 Rbc7 45. Raa1 Rb8 
46. g4 Nfd7 47. g5 Nc5 48. Qg3 Nb3 49. Nxb3 cxb3 50. gxh6 g6 51. Re1 Bxe2 
52. Rxe2 Nd7 53. f4 exf4 54. Qxf4 Ne5 55. Ng4 Nxg4 56. Qxg4 Ra7 57. Qf4 Qc7 
58. Qf6 Rg8 59. Qd4 a5 60. e5 dxe5 61. Rxe5 Ra6 62. Rd1 Rf6 63. d6 Qd7 
64. Re2 Rf3 65. c4 a4 66. Rf1 Rxf1+ 67. Kxf1 a3 68. bxa3 Qh3+ 69. Kg1 Kxh6 
70. c5 b2 71. Rxb2 Re8 72. Rg2 Rb8 73. Qf6 Re8 74. Qf4+ Kg7 75. Qd4+ Kh7 
76. d7 Re1+ 77. Kf2 Rh1 78. d8=Q Qf5+ 79. Ke3 Qh3+ 80. Kd2 Qxg2+ 81. Kc3 Rc1+ 
82. Kb4 Qb7+ 83. Qb6 Rb1+ 84. Ka5 Rxb6 85. cxb6 Qa8+ 86. Kb4 Qf8+ 87. Qc5 Qe8 
88. a4 Qd7 89. Ka5 Qd8 90. Kb5 Qe8+ 91. Qc6 Qe2+ 92. Ka5 Qe1+ 93. Ka6 Qxh4 
94. b7 Qb4 95. a5 Qf4 96. Qc5 Qb8 97. Kb6 Kg7 98. Qc7 Qe8 99. b8=Q Qe3+ 
100. Qc5 Qe6+ 101. Kc7 Qf6 102. Qbf8+ Kh7 103. Qe3 Qd8+ 104. Kxd8 g5 
105. Qxf7+ Kh8 106. Qh3# 1-0

[Event "Friday 06 April Rapid Engine Tour 12+1 Rounds 9 Starts 1600ST"]
[Site "Infinity Chess"]
[Date "2018.4.6"]
[Round "8"]
[White "Macho"]
[Black "localhero"]
[Result "1/2-1/2"]
[ECO "C55"]
[WhiteElo "2428"]
[BlackElo "2400"]
[WhiteEngine "asmFishW_2018-04-01_popcnt_CTG"]
[BlackEngine "asmFishW_2017-10-04_popcnt"]
[EventType "Swiss"]
[WhiteTeam ""]
[BlackTeam ""]
[PlyCount "100"]
[TimeControl "720+1"]

1. e4 e5 2. Nf3 Nc6 3. Bc4 Nf6 4. d3 Bc5 5. O-O d6 6. c3 a5 7. Bg5 Ba7 
8. Nbd2 h6 9. Bh4 Qe7 10. Bb5 g5 11. Bg3 O-O 12. Nc4 Nh5 13. Bxc6 bxc6 
14. Nxa5 Nxg3 15. hxg3 Bd7 16. Qd2 f6 17. Nc4 h5 18. Ne3 Qh7 19. a4 h4 
20. g4 Bxe3 21. Qxe3 Bxg4 22. a5 Kf7 23. d4 Ke8 24. Nd2 Be6 25. f3 Qh5 
26. b4 Rg8 27. c4 g4 28. d5 Bc8 29. fxg4 Qxg4 30. Rf2 cxd5 31. cxd5 h3 
32. g3 Qxg3+ 33. Qxg3 Rxg3+ 34. Kh2 Rg4 35. Ra3 Ba6 36. Rxh3 Kf7 37. Rg2 Rxg2+ 
38. Kxg2 Rb8 39. Rh7+ Kg6 40. Rxc7 Rxb4 41. Rc6 Bb5 42. Rb6 Rb2 43. Kf3 Rxd2 
44. Rxb5 Ra2 45. Ke3 Ra4 46. Kd2 Rxe4 47. a6 Ra4 48. Rb6 Kf5 49. Rxd6 Ke4 
50. Rxf6 Kxd5 1/2-1/2